 Dungeon Sprint DCSS version 0.22.1-1-ga44c0e56f4 (webtiles) character file.

83 MuseOD the Sneak (level 4, -2/24 HPs)
             Began as a Spriggan Enchanter on Sept 24, 2018.
             Splashed by an oklob sapling priest's acid (14 damage)
             ... in the Dungeon (Sprint IV: "Fedhas' Mad Dash").
             The game lasted 00:02:02 (821 turns).

MuseOD the Sneak (Spriggan Enchanter)                Turns: 821, Time: 00:02:03

Health: -2/24      AC:  2    Str:  4    XL:     4   Next: 22%
Magic:  9/9        EV: 18    Int: 17    God:
Gold:   60         SH:  0    Dex: 16    Spells: 2/8 levels left

rFire    . . .     SeeInvis +   a - +1 dagger
rCold    . . .     Gourm    .   (shield restricted)
rNeg     . . .     Faith    .   b - +0 robe
rPois    .         Spirit   .   (helmet restricted)
rElec    .         Reflect  .   (no cloak)
rCorr    .         Harm     .   (gloves unavailable)
MR       .....     NoTele   +   (boots unavailable)
Stlth    ++++......             k - amulet of invisibility {+Inv}
HPRegen  0.08/turn              (no ring)
MPRegen  0.11/turn              (no ring)

@: very quick
A: very small, unfitting armour, see invisible, herbivore, speed 3, slow
metabolism 2
a: Evoke Invisibility


You were in the Dungeon.
You were not hungry.

You visited 1 branch You collected 60 gold pieces.

Inventory:

Hand Weapons
 a - a +1 dagger (weapon)
Armour
 b - a +0 robe (worn)
Jewellery
 k - the amulet of invisibility (around neck) {+Inv}
   (You found it in the Dungeon)

   [amulet of nothing]

   It lets you turn invisible.
Scrolls
 c - a scroll of immolation {unknown}
 j - a scroll of blinking
 l - a scroll of magic mapping {unknown}
Potions
 e - a potion of curing
 f - a potion of heal wounds
 g - a potion of haste
 h - 2 potions of magic
 i - a potion of berserk rage
Comestibles
 d - a ration


   Skills:
 + Level 3.2 Fighting
 * Level 6.4 Short Blades
 - Level 3.0 Dodging
 + Level 7.9 Stealth
 - Level 2.6 Spellcasting
 - Level 3.6 Hexes


You had 2 spell levels left.
You knew the following spells:

 Your Spells              Type           Power        Failure   Level  Hunger
a - Corona                Hex            ##.....      4%          1    #......
b - Ensorcelled Hibernat  Hex/Ice        #.....       13%         2    ##.....
c - Confuse               Hex            ##......     12%         3    ###....

Your spell library contained the following spells:

 Spells                   Type           Power        Failure   Level  Hunger
 Tukima's Dance           Hex            ##......     12%         3    ###....
 Dazzling Spray           Conj/Hex       #.....       26%         3    ###....


Dungeon Overview and Level Annotations

Branches:
Dungeon (1/1)

Altars:
Cheibriados
Dithmenos
Elyvilon
Gozag
Hepliaklqana
Kikubaaqudgha
Makhleb
Nemelex Xobeh
Okawaru
Qazlal
Ru
Sif Muna
Trog
Uskayaw
Vehumet
Wu Jian
Xom
Yredelemnul
Zin
The Shining One
Beogh
Jiyva
Lugonu

Annotations:
D exclusion: oklob sapling


Innate Abilities, Weirdness & Mutations

You are very small and have problems with some larger weapons.
You are too small for most types of armour.
You have supernaturally acute eyesight. (SInv)
You are a herbivore.
You cover ground extremely quickly.
You need to consume almost no food.


Message History

You now have 60 gold pieces (gained 8).
You start resting.
Magic restored.
You start waiting.
Done waiting.
You open the door.
Found four altars.
Marking area around the oklob sapling priest as unsafe for travelling.
An oklob sapling priest comes into view.
Found nine altars.
There is an open door here.
Found three altars.
Found two altars.
Found three altars.
The oklob sapling priest spits acid at you.
The splash of acid hits you!
Ouch! That really hurt!
You are splashed with acid!
The acid burns!
Ouch! That really hurt!
You die...

########################
#.....#.....#.⌠._._._._.
'.(...'.#...'.._@_._._._
#.....#.#...#..._._P_._.
##########'##.._._._._._
+...#._._._._._.
#...############ #####


You could see an oklob sapling priest.

Vanquished Creatures
  2 oklob saplings (D)
  A worker ant (D)
  A river rat (D)
  A rat (D)
5 creatures vanquished.

Notes
Turn   | Place    | Note
-------+----------+-------------------------------------------
     0 | D        | MuseOD the Spriggan Enchanter began the quest for the Orb.
     0 | D        | Reached XP level 1. HP: 9/9 MP: 5/5
     8 | D        | Reached skill level 1 in Fighting
     8 | D        | Reached skill level 5 in Stealth
     8 | D        | Reached XP level 2. HP: 14/14 MP: 6/6
    14 | D        | Learned a level 2 spell: Ensorcelled Hibernation
    15 | D        | Noticed an oklob sapling
    22 | D        | Found the amulet of invisibility {+Inv}
    25 | D        | Reached skill level 6 in Stealth
    25 | D        | Reached XP level 3. HP: 13/18 MP: 2/8
    54 | D        | Learned a level 3 spell: Confuse
    59 | D        | Noticed an oklob sapling
    62 | D        | Killed an oklob sapling
    62 | D        | Reached skill level 5 in Short Blades
    62 | D        | Reached skill level 7 in Stealth
   652 | D        | Killed an oklob sapling
   652 | D        | Reached XP level 4. HP: 24/24 MP: 2/9
   816 | D        | Found an opulent altar of Gozag.
   816 | D        | Found a hazy altar of Hepliaklqana.
   816 | D        | Found a roughly hewn altar of Beogh.
   816 | D        | Found a snail-covered altar of Cheibriados.
   817 | D        | Found a viscous altar of Jiyva.
   817 | D        | Found a burning altar of Makhleb.
   817 | D        | Found a sparkling altar of Nemelex Xobeh.
   817 | D        | Found a sacrificial altar of Ru.
   817 | D        | Found a deep blue altar of Sif Muna.
   817 | D        | Found a bloodstained altar of Trog.
   817 | D        | Found an ornate altar of the Wu Jian Council.
   817 | D        | Found a shimmering altar of Xom.
   817 | D        | Found a basalt altar of Yredelemnul.
   818 | D        | Found an iron altar of Okawaru.
   818 | D        | Found a glowing silver altar of Zin.
   818 | D        | Found a shadowy altar of Dithmenos.
   819 | D        | Found an ancient bone altar of Kikubaaqudgha.
   819 | D        | Found a hide-covered altar of Uskayaw.
   820 | D        | Found a stormy altar of Qazlal.
   820 | D        | Found a glowing golden altar of the Shining One.
   820 | D        | Found a white marble altar of Elyvilon.
   821 | D        | Found a corrupted altar of Lugonu.
   821 | D        | Found a radiant altar of Vehumet.
   821 | D        | Splashed by an oklob sapling priest's acid

Skill      XL: |  1  2  3 |
---------------+----------+-----
Fighting       | 1 2 3 |  3.2
Short Blades   | 3 4 6 |  6.4
Stealth        | 5 6 7 |  7.9
Dodging        | |  3.0
Spellcasting   | |  2.6
Hexes          | |  3.6

Action                   |  1- 3 |  4- 6 || total
-------------------------+-------+-------++-------
Melee: Dagger            |     9 |       ||     9
 Cast: Ensorcelled Hiber |     2 |       ||     2
       Confuse           |     4 |       ||     4
 Abil: Evoke Invisibilit |     1 |       ||     1
 Stab: Sleeping          |     4 |       ||     4
       Confused          |     1 |       ||     1
Dodge: Dodged            |     2 |       ||     2
